 Dungeon Crawl Stone Soup version 0.21-a0-344-g2144152 (webtiles) character file.

15 tidbits the Sneak (level 2, 0/11 HPs)
             Began as a Felid Venom Mage on Oct 4, 2017.
             Slain by a rat (3 damage)
             ... on level 1 of the Dungeon.
             The game lasted 00:02:13 (345 turns).

tidbits the Sneak (Felid Venom Mage)                 Turns: 345, Time: 00:02:14

Health: 0/11       AC:  1    Str:  4    XL:     2   Next: 34%
Magic:  5/6        EV: 18    Int: 16    God:
Gold:   13         SH:  0    Dex: 16    Spells: 4/5 levels left
                                        Lives:  0   Deaths: 0

rFire    . . .     SeeInvis +     - Unarmed
rCold    . . .     Gourm    .   (shield unavailable)
rNeg     . . .     Faith    .   (armour unavailable)
rPois    .         Spirit   .   (helmet unavailable)
rElec    .         Reflect  .   (cloak unavailable)
rCorr    .         Harm     .   (gloves unavailable)
MR       .....                  (boots unavailable)
Stlth    +++.......             (no amulet)
HPRegen  0.03/turn              (no ring)
MPRegen  0.10/turn              (no ring)

@: very slightly contaminated, quick
A: no armour, no weapons or thrown items, stealth, claws 1, fangs 3, see
invisible, carnivore 3, speed 1, shaggy fur 1, slow metabolism 1, sharp paws
a: no special abilities


You were on level 1 of the Dungeon.
You were not hungry.

You visited 1 branch of the dungeon, and saw 1 of its levels.

You collected 13 gold pieces.

Inventory:

Scrolls
 d - a scroll of identify {unknown}
Books
 a - a Young Poisoner's Handbook

   Spells                             Type                      Level
   a - Sting                          Conjuration/Poison           1
   b - Poisonous Vapours              Poison/Air                   2
   c - Mephitic Cloud                 Conjuration/Poison/Air       3
   d - Olgreb's Toxic Radiance        Poison                       4
   e - Venom Bolt                     Conjuration/Poison           5
Comestibles
 b - a meat ration
 c - 4 chunks of flesh


   Skills:
 - Level 2.6 Dodging
 - Level 2.6 Stealth
 + Level 2.1 Unarmed Combat
 - Level 2.0 Spellcasting
 - Level 0.8 Conjurations
 - Level 2.6 Poison Magic


You had 4 spell levels left.
You knew the following spells:

 Your Spells              Type           Power        Failure   Level  Hunger
z - Sting                 Conj/Pois      #...         10%         1    #......


Dungeon Overview and Level Annotations

Branches:
Dungeon (1/15)

Altars:


Innate Abilities, Weirdness & Mutations

You cannot wear armour.
You are incapable of wielding weapons or throwing items.
Your paws allow you to move quietly. (Stealth)
You have sharp claws.
You have razor-sharp teeth.
You have supernaturally acute eyesight. (SInv)
You are carnivorous and can eat meat at any time.
You cover ground quickly.
You are covered in fur. (AC +1)
You have a slow metabolism.
Your sharp claws are effective at attacking unaware monsters.


Message History

Wield which item (- for none, * to show all)? (? for menu, Esc to quit)
Your mouth is now empty.
You closely miss the kobold. The kobold hits you but does no damage.
You scratch the kobold.
You kill the kobold!
You scratch the giant cockroach.
The giant cockroach is moderately wounded.
The giant cockroach completely misses you.
You closely miss the giant cockroach.
The giant cockroach is moderately wounded.
The giant cockroach misses you.
You closely miss the giant cockroach. Your bite misses the giant cockroach.
The giant cockroach is moderately wounded.
The giant cockroach bites you.
* * * LOW HITPOINT WARNING * * *
You scratch the giant cockroach but do no damage.
The giant cockroach is moderately wounded.
The giant cockroach closely misses you.
You scratch the giant cockroach but do no damage.
The giant cockroach is moderately wounded.
The giant cockroach bites you but does no damage.
You scratch the giant cockroach but do no damage.
The giant cockroach is moderately wounded.
The giant cockroach bites you.
* * * LOW HITPOINT WARNING * * *
You barely miss the giant cockroach.
The giant cockroach is moderately wounded.
The giant cockroach closely misses you. The giant cockroach barely misses you.
You scratch the giant cockroach.
The giant cockroach is almost dead.
The giant cockroach barely misses you.
You closely miss the giant cockroach.
The giant cockroach is almost dead.
The giant cockroach waves its antennae.
The giant cockroach completely misses you.
You scratch the giant cockroach but do no damage.
The giant cockroach is almost dead.
The giant cockroach barely misses you.
You scratch the giant cockroach.
You kill the giant cockroach!
Your Unarmed Combat skill increases to level 2!
You see here a giant cockroach corpse.
You butcher the giant cockroach corpse.
c - 2 chunks of flesh
There is an open door here.
You see here a stone.
Found a fruit.
There is a stone staircase leading down here.
d - a scroll labeled UFARONG XUORPH You see here a fruit.
You see here a fruit.
There is a stone staircase leading down here.
Magic restored.
Found a whip.
A hobgoblin comes into view.
A hobgoblin is nearby!
Casting: Sting
Confirm with . or Enter, or press ? or * to list all spells.
Aiming: Sting
Press: ? - help, Shift-Dir - straight line, f - hobgoblin
Aim: a hobgoblin (resting)
The sting hits the hobgoblin.
The hobgoblin is poisoned.
The hobgoblin is moderately wounded.
The hobgoblin shouts!
Casting: Sting
Confirm with . or Enter, or press ? or * to list all spells.
Aiming: Sting
Press: ? - help, Shift-Dir - straight line, f/p - hobgoblin
Aim: a hobgoblin (heavily wounded, poisoned)
The sting hits the hobgoblin.
The hobgoblin looks even sicker.
The hobgoblin is severely wounded.
You kill the hobgoblin!
You see here a hobgoblin corpse.
You butcher the hobgoblin corpse.
c - 4 chunks of flesh (gained 2)
You see here a hobgoblin skeleton.
You see here a whip.
A rat comes into view.
You see here a club.
Found a scroll labeled UFARONG XUORPH.
Found a plate armour.
Casting: Sting
Confirm with . or Enter, or press ? or * to list all spells.
Aiming: Sting
Press: ? - help, Shift-Dir - straight line, f - rat
Aim: a rat (hasn't noticed you)
You miscast Sting.
You are very lightly contaminated with residual magic.
Nothing appears to happen.
You closely miss the rat. You scratch the rat.
The rat is severely wounded.
The rat misses you.
You barely miss the rat.
The rat is severely wounded.
The rat closely misses you.
You closely miss the rat.
The rat is severely wounded.
The rat bites you.
You die...

#†########
###.........
##########....#####..
..÷............##
###)...###......#
#....# #....#.#
#############)###
#.......r.#
#.......@.#
#........$......
#..........##.##
#..........#
...........#
...........#
........?...
.........[##


You could see a rat.

Vanquished Creatures
  3 giant cockroaches (D:1)
  A goblin (D:1)
  3 hobgoblins (D:1)
  A bat (D:1)
  A kobold (D:1)
  6 rats (D:1)
15 creatures vanquished.

Notes
Turn   | Place    | Note
-------+----------+-------------------------------------------
     0 | D:1      | tidbits the Felid Venom Mage began the quest for the Orb.
     0 | D:1      | Reached XP level 1. HP: 7/7 MP: 4/4
    48 | D:1      | Reached skill level 1 in Unarmed Combat
   132 | D:1      | Reached XP level 2. HP: 1/11 MP: 1/6
   254 | D:1      | HP: 1/11 [giant cockroach (1)]
   259 | D:1      | Reached skill level 2 in Unarmed Combat
   345 | D:1      | Slain by a rat

Vault maps used:
D:1:      dpeg_arrival_prison

Skill      XL: |  1  2 |
---------------+-------+-----
Unarmed Combat | 1 2 |  2.1
Dodging        | |  2.6
Stealth        | |  2.6
Spellcasting   | |  2.0
Conjurations   | |  0.8
Poison Magic   | |  2.6

Action                   || total
-------------------------++-------
Melee: Unarmed           ||    44
       Bite              ||     4
 Cast: Sting             ||    16
 Stab: Sleeping          ||     4
Armor: Skin              ||     3
Dodge: Dodged            ||    34

Table legend:
 A = Spawn XP
 B = Non-spawn XP
 C = Spawn XP percentage of total XP
 D = Spawn monster count
 E = Non-spawn monster count
 F = Spawn count percentage of total count
 G = Total turns spent on level
                    A         B        C        D         E        F      G
               +---------+---------+-------+---------+---------+-------+---------
         Total |       0 |      22 |   0.0 |       0 |      15 |   0.0 |   345
               +---------+---------+-------+---------+---------+-------+---------
           D:1 |       0 |      22 |   0.0 |       0 |      15 |   0.0 |   345
               +---------+---------+-------+---------+---------+-------+---------

Table legend:
 A = Turns spent in this place as a percentage of turns spent in the entire game.
 B = Non-inter-level travel turns spent in this place as a percentage of non-inter-level travel turns spent in the entire game.
 C = Inter-level travel turns spent in this place as a percentage of turns spent in this place.
 D = Turns resting spent in this place as a percentage of non-inter-level travel turns spent in this place.
 E = Turns spent auto-exploring this place as a percentage of non-inter-level travel turns spent in this place.
 F = Non-inter-level travel turns spent in this place divided by the number of levels of this place that you've seen.
                   A       B       C       D       E      F
               +-------+-------+-------+-------+-------+----------------------
         Total | 100.0 | 100.0 |   0.0 |   0.9 |   0.0 | 345.0
       Dungeon | 100.0 | 100.0 |   0.0 |   0.9 |   0.0 | 345.0
               +-------+-------+-------+-------+-------+----------------------

Table legend:
 A = Kills in this place as a percentage of kills in entire the game.
 B = Kills by you in this place as a percentage of kills by you in the entire game.
 C = Kills by friends in this place as a percentage of kills by friends in the entire game.
 D = Other kills in this place as a percentage of other kills in the entire game.
 E = Experience gained in this place as a percentage of experience gained in the entire game.
 F = Experience gained in this place divided by the number of levels of this place that you have seen.
                   A       B       C       D       E      F
               +-------+-------+-------+-------+-------+----------------------
         Total | 100.0 | 100.0 |   N/A |   N/A | 100.0 |  22.0
       Dungeon | 100.0 | 100.0 |   N/A |   N/A | 100.0 |  22.0
               +-------+-------+-------+-------+-------+----------------------

Vault maps used:
D:1:      dpeg_arrival_prison
